 Dungeon Crawl Stone Soup version 0.31-a0-240-gb923e448b6 (webtiles) character file.

Game seed: 13561307741368330096

3507 Morbidden the Ruffian (level 9, -10/85 HPs)
             Began as a Troll Shapeshifter on July 12, 2023.
             Was a Believer of Cheibriados.
             Mangled by a troll (12 damage)
             ... on level 7 of the Dungeon.
             The game lasted 00:08:00 (6289 turns).

Morbidden the Ruffian (Troll Shapeshifter)          Turns: 6289, Time: 00:08:00

Health: -10/85     AC:  7    Str: 33    XL:     9   Next: 81%
Magic:  0/9        EV: 11    Int:  8    God:    Cheibriados [**....]
Gold:   386        SH:  0    Dex: 14    Spells: 2/8 levels left

rFire   . .          .
                       - Unarmed
rCold   + . .        (no shield)
rNeg    . . .        M - +0 steam dragon scales
rPois   .            (helmet currently unavailable)
rElec   .            (cloak currently unavailable)
rCorr   .            (gloves unavailable)
SInv    .            (boots unavailable)
Will    +....        L - amulet of guardian spirit
Stlth   ++           j - ring of protection from cold
HPRegen 1.14/turn    x - ring of willpower
MPRegen 0.11/turn

%: guardian spirit
@: beast-form, very slow
A: beast (slay +4), large, unfitting armour, claws 3, regeneration 1, shaggy fur
1, tough skin 1
a: Renounce Religion, Bend Time


You were on level 7 of the Dungeon.
You worshipped Cheibriados.
Cheibriados was pleased with you.
You were a hulking beast.
You visited 2 branches of the dungeon, and saw 8 of its levels.
You also visited: Sewer.

You collected 386 gold pieces.

Inventory:

Missiles
 f - a curare-tipped dart
 g - 2 throwing nets
 h - 71 stones
 n - 2 boomerangs (quivered)
 t - 19 poisoned darts
Armour
 E - a scarf of shadows
 M - +0 steam dragon scales (worn)
Jewellery
 j - a ring of protection from cold (left claw)
 x - a ring of willpower (right claw)
 y - a ring of wizardry
 K - a ring of magical power
 L - an amulet of guardian spirit (around neck)
Talismans
 c - a beast talisman
 J - a maw talisman
Wands
 p - a wand of digging (5)
 r - a wand of flame (57)
 s - a wand of charming (7)
 H - a wand of polymorph (10)
Scrolls
 d - 3 scrolls of identify
 e - 4 scrolls of silence
 k - 3 scrolls of vulnerability
 q - a scroll of fear
 w - a scroll of amnesia
 F - a scroll of noise {unknown}
 I - a scroll of poison
Potions
 b - 2 potions of lignification
 i - a potion of magic
 l - a potion of degeneration {unknown}
 m - a potion of might {unknown}
 o - 2 potions of curing {unknown}
 u - 2 potions of attraction {unknown}
 v - a potion of resistance
 z - a potion of cancellation {unknown}
 A - 4 potions of invisibility
 B - 2 potions of mutation {unknown}
 C - 2 potions of haste {unknown}
 D - 2 potions of heal wounds {unknown}
 G - a potion of ambrosia {unknown}


   Skills:
 * Level 4.4 Fighting
 + Level 1.5 Throwing
 * Level 4.5 Dodging
 + Level 1.6 Stealth
 + Level 7.7 Unarmed Combat
 * Level 2.3 Invocations
 * Level 3.5 Evocations
 * Level 6.2 Shapeshifting


You had 2 spell levels left.
You knew the following spells:

 Your Spells              Type           Power      Damage    Failure   Level
a - Plasma Beam           Fire/Air       0%         2x1d10    100%        6

Your spell library contained the following spells:

 Spells                   Type           Power      Damage    Failure   Level
 Ensorcelled Hibernation  Hex/Ice        0%         N/A       54%         2
 Vhi's Electric Charge    Tloc/Air       0%         N/A       78%         3
 Cause Fear               Hex            0%         N/A       99%         4
 Arcjolt                  Conj/Air       0%         1d10      100%        5
 Monstrous Menagerie      Summ           0%         N/A       100%        7


Dungeon Overview and Level Annotations

Branches:
Dungeon (7/15)             Temple (1/1) D:6           Sewer (visited)

Altars:
Ashenzari
Cheibriados
Dithmenos
Elyvilon
Fedhas
Gozag
Hepliaklqana
Kikubaaqudgha
Makhleb
Nemelex Xobeh
Okawaru
Qazlal
Ru
Sif Muna
Trog
Vehumet
Wu Jian
Xom
Yredelemnul
Zin
The Shining One

Shops:
D:5 =   D:6 [


Innate Abilities, Weirdness & Mutations

You are a hulking beast.
Your limbs bulge with bestial killing power. (Slay +4)
You are too large for most types of armour.
You have claws for hands.
Your natural rate of healing is unusually fast.
You are covered in fur. (AC +1)
You have tough skin. (AC +1)


Message History

The orc warrior hits you from afar with a +0 glaive!
You scratch the orc.
You kill the orc!
Cheibriados thoroughly appreciates the change of pace.
Cheibriados raises the support of your attributes as your movement slows.
The orc warrior barely misses you. The troll bites you!
The troll claws you but does no damage. x2
You barely miss the troll.
The orc warrior hits you from afar with a +0 glaive!
The troll closely misses you. The troll barely misses you. The troll claws you!
You are too injured to fight recklessly!
You are too injured to fight recklessly!
Unknown command.
Unknown command.
Unknown command.
You claw the troll!
The troll is moderately wounded.
The troll closely misses you. The troll misses you.
The troll claws you but does no damage.
Unknown command.
You barely miss the troll.
The troll is moderately wounded.
The orc warrior hits you from afar with a +0 glaive!
The troll completely misses you. The troll claws you!
* * * LOW HITPOINT WARNING * * *
The troll claws you but does no damage.
Unknown command.
Unknown command.
Unknown command.
Okay, then.
Aiming: Charm
Press: ? - help, Shift-Dir - straight line, f - troll
Aim: a troll (moderately wounded, chance to affect: 58%)
The troll resists with significant effort.
The orc warrior hits you from afar with a +0 glaive!
* * * LOW HITPOINT WARNING * * *
The troll bites you.
* * * LOW HITPOINT WARNING * * *
The troll barely misses you. The troll claws you!
You die...

##..#.#. #. ..
#....#. ###.##.
####.#.... #......
##......... .......
#######...#######
.......##.......###
# .......#..####.##
......o#.#.....#
......)Th..#####
.......#####
..$.... .......
#######


You could see a troll and an orc warrior.

Vanquished Creatures
  Grinder (D:4)
  A hornet (D:6)
  A steam dragon (D:7)
  Menkaure (D:5)
  Duvessa (D:6)
  An orc warrior (D:6)
  A sky beast (D:6)
  A black bear (D:7)
  2 ogres (D:4)
  A centaur (D:4)
  3 phantoms
  A kobold brigand (Sewer)
  Blork the orc (D:4)
  3 bullfrogs
  4 scorpions
  10 wights (D:6)
  Dowan (D:6)
  A howler monkey (D:6)
  2 quasits (Sewer)
  4 hounds
  3 jellies
  5 orc priests
  3 iguanas
  An orc wizard (D:3)
  Natasha (thrice) (D:4)
  A gnoll (D:4)
  9 adders
  2 shadow imps (Sewer)
  3 white imps
  4 ufetubi
  An adder zombie (Sewer)
  2 worms
  3 dart slugs
  23 orcs
  6 ball pythons
  8 bats
  9 endoplasms
  6 giant cockroaches
  9 goblins
  13 hobgoblins
  23 kobolds
  5 quokkas
  4 frilled lizards
  2 kobold zombies (Sewer)
  4 rats
193 creatures vanquished.

Vanquished Creatures (others)
  2 kobold zombies (Sewer)
2 creatures vanquished.

Grand Total: 195 creatures vanquished

Notes
Turn   | Place    | Note
-------+----------+-------------------------------------------
     0 | D:1      | Morbidden the Troll Shapeshifter began the quest for the
                  | Orb.
     0 | D:1      | Reached XP level 1. HP: 19/19 MP: 0/0
   159 | D:1      | Reached XP level 2. HP: 28/28 MP: 1/1
   427 | D:1      | Reached XP level 3. HP: 30/35 MP: 2/2
   827 | D:2      | Found a faded altar of an unknown god.
  1024 | D:2      | Noticed a scorpion
  1031 | D:2      | Killed a scorpion
  1032 | D:2      | Reached XP level 4. HP: 29/42 MP: 3/3
  1233 | D:3      | Reached XP level 5. HP: 49/49 MP: 4/4
  1325 | D:3      | Reached skill level 3 in Unarmed Combat
  2034 | D:4      | Noticed a centaur
  2044 | D:4      | Killed a centaur
  2045 | D:4      | Reached XP level 6. HP: 32/59 MP: 5/5
  2112 | D:4      | Reached skill level 1 in Evocations
  2123 | D:4      | Noticed Grinder
  2129 | D:4      | Reached skill level 4 in Unarmed Combat
  2143 | D:4      | Reached XP level 7. HP: 54/66 MP: 6/6
  2150 | D:4      | Paralysed by Grinder for 3 turns
  2160 | D:4      | Paralysed by Grinder for 5 turns
  2166 | D:4      | Killed Grinder
  2167 | D:4      | Reached skill level 5 in Shapeshifting
  2404 | D:4      | Found a burning altar of Makhleb.
  2410 | D:4      | Found a stormy altar of Qazlal.
  2417 | D:4      | Found a bloodstained altar of Trog.
  2422 | D:4      | Found an ornate altar of the Wu Jian Council.
  2424 | D:4      | Found a hazy altar of Hepliaklqana.
  2429 | D:4      | Found a blossoming altar of Fedhas.
  2435 | D:4      | Reached skill level 5 in Unarmed Combat
  2466 | D:4      | Noticed Blork the orc
  2479 | D:4      | Killed Blork the orc
  2480 | D:4      | Reached XP level 8. HP: 70/75 MP: 7/7
  2644 | D:4      | Noticed Natasha
  2649 | D:4      | Killed Natasha
  3052 | D:4      | Found a blossoming altar of Fedhas.
  3052 | D:4      | Found a hazy altar of Hepliaklqana.
  3058 | D:4      | Found an ornate altar of the Wu Jian Council.
  3061 | D:4      | Found a bloodstained altar of Trog.
  3061 | D:4      | Noticed Natasha
  3063 | D:4      | Found a stormy altar of Qazlal.
  3068 | D:4      | Killed Natasha
  3083 | D:4      | Found a burning altar of Makhleb.
  3182 | D:4      | Found a burning altar of Makhleb.
  3185 | D:4      | Found a stormy altar of Qazlal.
  3192 | D:4      | Found a bloodstained altar of Trog.
  3195 | D:4      | Found an ornate altar of the Wu Jian Council.
  3197 | D:4      | Found a hazy altar of Hepliaklqana.
  3202 | D:4      | Found a blossoming altar of Fedhas.
  3215 | D:4      | Noticed Natasha
  3223 | D:4      | Killed Natasha
  3534 | D:5      | Entered Level 5 of the Dungeon
  3758 | D:5      | Found a glowing drain.
  3763 | Sewer    | Entered a sewer
  3902 | Sewer    | Found a burning altar of Makhleb.
  3973 | Sewer    | Got the Guide on Massed Execration
  3997 | Sewer    | Reached skill level 6 in Unarmed Combat
  4235 | D:5      | Learned a level 6 spell: Plasma Beam
  4326 | D:5      | Found Tefos's Jewellery Boutique.
  4654 | D:5      | Noticed Menkaure
  4656 | D:5      | Killed Menkaure
  4657 | D:5      | Reached skill level 1 in Stealth
  4771 | D:6      | Found a staircase to the Ecumenical Temple.
  4855 | Temple   | Entered the Ecumenical Temple
  4939 | Temple   | Became a worshipper of Cheibriados the Contemplative
  4961 | D:6      | Reached skill level 1 in Throwing
  4968 | D:6      | Reached XP level 9. HP: 31/83 MP: 8/8
  5324 | D:6      | Reached skill level 1 in Invocations
  5551 | D:6      | Reached * piety under Cheibriados
  5672 | D:6      | Noticed Duvessa
  5674 | D:6      | Noticed Dowan
  5682 | D:6      | Killed Duvessa
  5683 | D:6      | Reached skill level 7 in Unarmed Combat
  5688 | D:6      | Killed Dowan
  5765 | D:6      | Found Meppi's Armour Shoppe.
  6228 | D:7      | Identified the staff "Suef Wete" {rC+ Str+2 Ice}
  6275 | D:7      | Noticed a troll
  6284 | D:7      | Reached ** piety under Cheibriados
  6289 | D:7      | HP: 2/85 [troll (4)]
  6289 | D:7      | Mangled by a troll

Illustrated notes

Levels and vault maps discovered:
D:1:      minmay_arrival_radiant_lines, layout_basic, solitary_fountain,
          serial_bayou_pond_b
D:2:      layout_basic, shapermc_ecumenical_altar_mp_urbaneastern
D:3:      layout_loops_ring
D:4:      layout_rooms, nicolae_overflow_hallway_of_the_gods,
          cheibrodos_gnoll_hut, uniq_grinder, uniq_blork_the_orc, uniq_natasha
D:5:      layout_basic, gup_sewer_entry_spiral, serial_shops,
          nicolae_shop_back_alley_shop, uniq_menkaure
D:6:      layout_layer_cave, minmay_temple_entry_ruins, serial_shops, shop,
          kennysheep_path_1, serial_park_tiny_pond, kennysheep_nub, uniq_duvessa
D:7:      black_bear_nest_1, layout_rooms
Temple:   lightli_temple_of_artemis

Skill      XL: |  1  2  3  4  5  6  7  8  9 |
---------------+----------------------------+-----
Fighting       | 2 3 4 |  4.4
Dodging        | 2 3 4 |  4.5
Shapeshifting  | 4 5 6 |  6.2
Unarmed Combat | 3 4 5 6 7 |  7.7
Evocations     | 1 2 3 |  3.5
Stealth        | 1 |  1.6
Throwing       | 1 |  1.5
Invocations    | 2 |  2.3

Action                     |  1- 3 |  4- 6 |  7- 9 || total
---------------------------+-------+-------+-------++-------
  Melee: Unarmed           |    78 |    86 |   225 ||   389
         Punch             |       |     2 |     7 ||     9
  Throw: Stone             |       |       |    39 ||    39
         Boomerang         |       |       |     6 ||     6
         Dart              |       |       |     1 ||     1
  Evoke: Wand              |       |       |     3 ||     3
    Use: Scroll            |       |       |    10 ||    10
   Stab: Sleeping          |       |     1 |     3 ||     4
 Armour: Animal skin       |    19 |    30 |    67 ||   116
         Steam dragon scal |       |       |    12 ||    12
  Dodge: Dodged            |    30 |    46 |   107 ||   183

Table legend: (Time is in decaauts)
 A = Elapsed time spent in this place.
 B = Non-inter-level travel time spent in this place.
 C = Inter-level travel time spent in this place.
 D = Time resting spent in this place.
 E = Time spent auto-exploring this place.
 F = Levels seen in this place.
 G = Mean time per level.
                   A        B        C        D        E       F      G
               +--------+--------+--------+--------+--------+-----+--------+
         Total |   6563 |   6377 |    186 |    496 |   4596 |   9 |  729.2 |
       Dungeon |   6135 |   5966 |    169 |    496 |   4347 |   7 |  876.4 |
        Temple |    107 |     91 |     16 |      0 |     76 |   1 |  107.0 |
         Sewer |    320 |    320 |      0 |      0 |    173 |   1 |  320.0 |
               +--------+--------+--------+--------+--------+-----+--------+

Top non-repeatable levels by time:
     D:6: 1538 daAuts
     D:4: 1528 daAuts
     D:5: 896 daAuts
     D:3: 786 daAuts
     D:1: 706 daAuts
     D:2: 498 daAuts
   Sewer: 320 daAuts
     D:7: 181 daAuts
  Temple: 107 daAuts
